 Dungeon Crawl Stone Soup version 0.31-a0-128-g25add195a6 (webtiles) character file.

Game seed: 1062101282208965169

62 Elsrick the Slasher (level 4, 0/38 HPs)
             Began as a Gnoll Reaver on June 1, 2023.
             Slain by Jessica
             ... wielding a +0 dagger
              (4 damage)
             ... on level 3 of the Dungeon.
             The game lasted 00:05:49 (2128 turns).

Elsrick the Slasher (Gnoll Reaver)                  Turns: 2128, Time: 00:05:50

Health: 0/38       AC:  3    Str: 14    XL:     4   Next: 8%
Magic:  11/11      EV: 13    Int: 12    God:
Gold:   93         SH: 10    Dex: 10    Spells: 12/13 levels left

rFire   . . .        a - +0 falchion
rCold   . . .        m - +0 tower shield
rNeg    . . .        b - +0 leather armour
rPois   .            (no helmet)
rElec   .            (no cloak)
rCorr   .            (no gloves)
SInv    .            (no boots)
Will    .....        (no amulet)
Stlth   +            p - +5 ring of evasion
HPRegen 0.26/turn    (no ring)
MPRegen 0.12/turn

%: no passive effects
@: no status effects
A: fangs 1, strong nose, distributed training
a: no special abilities


You were on level 3 of the Dungeon.
You visited 1 branch of the dungeon, and saw 3 of its levels.

You collected 93 gold pieces.

Inventory:

Hand Weapons
 a - a +0 falchion (weapon)
Missiles
 q - 5 boomerangs
Armour
 b - a +0 leather armour (worn)
 m - a +0 tower shield (worn)
Jewellery
 l - an amulet of faith
 o - a +6 ring of intelligence
 p - a +5 ring of evasion (left hand)
Scrolls
 d - a scroll of brand weapon {unknown}
 e - 2 scrolls of identify
 g - a scroll of magic mapping {unknown}
 i - a scroll of enchant weapon
 j - a scroll of fear {unknown}
 n - a scroll of teleportation {unknown}
 r - a scroll of immolation {unknown}
Potions
 c - 3 potions of mutation {unknown}
 f - 2 potions of curing {unknown}
 h - a potion of brilliance {unknown}
 k - 3 potions of might {unknown}


   Skills:
 + Level 4.6 Fighting
 + Level 1.0 Short Blades
 + Level 6.6 Long Blades
 + Level 1.0 Axes
 + Level 1.0 Maces & Flails
 + Level 1.0 Polearms
 + Level 1.0 Staves
 + Level 1.0 Ranged Weapons
 + Level 1.0 Throwing
 + Level 1.0 Armour
 + Level 4.6 Dodging
 + Level 1.0 Stealth
 + Level 1.0 Shields
 + Level 1.0 Unarmed Combat
 + Level 5.0 Spellcasting
 + Level 5.4 Conjurations
 + Level 0.8 Hexes
 + Level 0.8 Summonings
 + Level 0.8 Necromancy
 + Level 0.8 Translocations
 + Level 0.8 Transmutations
 + Level 0.8 Fire Magic
 + Level 0.8 Ice Magic
 + Level 0.8 Air Magic
 + Level 0.8 Earth Magic
 + Level 0.8 Poison Magic
 + Level 1.1 Invocations
 + Level 1.0 Evocations


You had 12 spell levels left.
You knew the following spells:

 Your Spells              Type           Power      Damage    Failure   Level
a - Kiss of Death         Conj/Necr      40%        2d8       80%         1

Your spell library contained the following spells:

 Spells                   Type           Power      Damage    Failure   Level
 Momentum Strike          Conj/Tloc      20%        3d8       90%         2
 Blink                    Tloc           10%        N/A       99%         2
 Lesser Beckoning         Tloc           10%        N/A       99%         2
 Hailstorm                Conj/Ice       10%        3d5       99%         3
 Gell's Gravitas          Tloc           5%         N/A       100%        3
 Teleport Other           Tloc           5%         N/A       100%        3
 Dispersal                Tloc           2%         N/A       100%        6


Dungeon Overview and Level Annotations

Branches:
Dungeon (3/15)

Altars:

Shops:
D:1 *(*!   D:2 (

Annotations:
D:3 Jessica, Sigmund


Innate Abilities, Weirdness & Mutations

You have very sharp teeth.
Your uncanny sense of smell can sniff out nearby items.
Your experience applies equally to all skills.


Message History

The orc attacks as you move away! The orc closely misses you.
You hit the orc. Your bite misses the orc.
The orc is almost dead.
You block the orc's attack.
You barely miss the orc.
The orc is almost dead.
You block the orc's attack.
The orc priest mumbles some strange prayers to Beogh against you.
Beogh smites you!
You hit the orc but do no damage.
The orc is almost dead.
Sigmund mumbles some strange words.
Sigmund flickers and vanishes!
Deactivating autopickup; reactivate with Ctrl-A.
The orc closely misses you. You block the orc's attack.
You closely miss the orc. Your bite misses the orc.
The orc is almost dead.
You block the orc's attack.
The orc priest calls down the wrath of Beogh upon you.
Beogh smites you!
* * * LOW HITPOINT WARNING * * *
As you read the scroll labelled FAEDAD VIVAF, it crumbles to dust.
It is a scroll of identify.
i - a scroll of enchant weapon You block the orc's attack.
The orc attacks as you move away! The orc hits you with a +0 club.
* * * LOW HITPOINT WARNING * * *
The orc attacks as you move away! You block the orc's attack.
The orc attacks as you move away! The orc closely misses you.
The orc attacks as you move away! The orc hits you with a +0 club.
* * * LOW HITPOINT WARNING * * *
You slash the orc!
You kill the orc!
The orc attacks as you move away! You block the orc's attack.
You see here a +0 club.
You slash the orc!
You kill the orc!
Jessica barely misses you. Jessica attacks as you move away!
Jessica hits you with a +0 dagger.
You die...

............#.#####
.#..............
#...........##.
#..########## #..#
#..#####################
#.<†#.#.#o#.#.#.#.#.#.#.
##.#.#)#@#.#.#.#.#.#.#.#
#..###@###.###.###.###.
#.#.#.#.#.#.#.#.#.#o#.#
#..#.# #.# #.# #.#.#.#.
###### ### ### ########


You could see an orc priest and Jessica.

Vanquished Creatures
  2 adders
  A dart slug (D:2)
  2 orcs (D:3)
  4 endoplasms (D:2)
  3 giant cockroaches (D:1)
  2 goblins
  5 hobgoblins
  3 kobolds
  2 quokkas
  3 ball pythons
  2 bats
  4 frilled lizards
  6 rats
39 creatures vanquished.

Notes
Turn   | Place    | Note
-------+----------+-------------------------------------------
     0 | D:1      | Elsrick the Gnoll Reaver began the quest for the Orb.
     0 | D:1      | Reached XP level 1. HP: 20/20 MP: 6/6
   125 | D:1      | Found Egeofemp's Distillery.
   147 | D:1      | Found Uwnofaz's Weapon Shoppe.
   170 | D:1      | Found Mouvon's Assorted Antiques.
   171 | D:1      | Found Emem's Assorted Antiques.
   277 | D:1      | Reached XP level 2. HP: 21/26 MP: 7/7
  1080 | D:2      | Reached skill level 5 in Spellcasting
  1080 | D:2      | Reached XP level 3. HP: 14/31 MP: 7/9
  1222 | D:2      | Found Vaytakor's Weapon Shop.
  1235 | D:2      | Reached skill level 1 in Invocations
  1863 | D:3      | Reached skill level 1 in Short Blades
  1863 | D:3      | Reached skill level 1 in Axes
  1863 | D:3      | Reached skill level 1 in Maces & Flails
  1863 | D:3      | Reached skill level 1 in Polearms
  1863 | D:3      | Reached skill level 1 in Staves
  1863 | D:3      | Reached skill level 1 in Ranged Weapons
  1863 | D:3      | Reached skill level 1 in Throwing
  1863 | D:3      | Reached skill level 1 in Armour
  1863 | D:3      | Reached skill level 1 in Stealth
  1863 | D:3      | Reached skill level 1 in Shields
  1863 | D:3      | Reached skill level 1 in Unarmed Combat
  1863 | D:3      | Reached skill level 1 in Evocations
  2067 | D:3      | Reached XP level 4. HP: 38/38 MP: 11/11
  2091 | D:3      | Noticed Jessica
  2096 | D:3      | Noticed Sigmund
  2107 | D:3      | HP: 1/38 [orc/+0 club (2)]
  2128 | D:3      | Slain by Jessica

Illustrated notes

Levels and vault maps discovered:
D:1:      minmay_arrival_widening_spiral_narrow, layout_basic, serial_shops,
          shop_statue, shop, nicolae_shop_competitors_out_of_business,
          nicolae_shop_advertising_works [nicolae_subvault_shop_adworks]
D:2:      layout_basic, serial_shops, nicolae_shop_pleasant_corner_grove,
          serial_bayou_lagoon_b
D:3:      minmay_recursive_quarters, layout_rooms, minmay_liquid_box,
          minmay_hedge_maze, roderic_roman_lattice, uniq_sigmund, uniq_jessica

Skill      XL: |  1  2  3 |
---------------+----------+-----
Spellcasting   | 5 |  5.0
Invocations    | 1 |  1.1
Short Blades   | 1 |  1.0
Axes           | 1 |  1.0
Maces & Flails | 1 |  1.0
Polearms       | 1 |  1.0
Staves         | 1 |  1.0
Ranged Weapons | 1 |  1.0
Throwing       | 1 |  1.0
Armour         | 1 |  1.0
Stealth        | 1 |  1.0
Shields        | 1 |  1.0
Unarmed Combat | 1 |  1.0
Evocations     | 1 |  1.0
Fighting       | |  4.6
Long Blades    | |  6.6
Dodging        | |  4.6
Conjurations   | |  5.4
Hexes          | |  0.8
Summonings     | |  0.8
Necromancy     | |  0.8
Translocations | |  0.8
Transmutations | |  0.8
Fire Magic     | |  0.8
Ice Magic      | |  0.8
Air Magic      | |  0.8
Earth Magic    | |  0.8
Poison Magic   | |  0.8

Action                     |  1- 3 |  4- 6 || total
---------------------------+-------+-------++-------
  Melee: Falchion          |   127 |     9 ||   136
         Bite              |    11 |     1 ||    12
         Punch             |     1 |       ||     1
    Use: Scroll            |       |     1 ||     1
   Stab: Sleeping          |     1 |       ||     1
 Armour: Leather armour    |    37 |       ||    37
  Dodge: Dodged            |    67 |     7 ||    74
  Block: Tower shield      |    10 |    12 ||    22

Table legend: (Time is in decaauts)
 A = Elapsed time spent in this place.
 B = Non-inter-level travel time spent in this place.
 C = Inter-level travel time spent in this place.
 D = Time resting spent in this place.
 E = Time spent auto-exploring this place.
 F = Levels seen in this place.
 G = Mean time per level.
                   A        B        C        D        E       F      G
               +--------+--------+--------+--------+--------+-----+--------+
         Total |   2158 |   2138 |     20 |    165 |   1464 |   3 |  719.3 |
       Dungeon |   2158 |   2138 |     20 |    165 |   1464 |   3 |  719.3 |
               +--------+--------+--------+--------+--------+-----+--------+

Top non-repeatable levels by time:
     D:2: 1071 daAuts
     D:1: 795 daAuts
     D:3: 291 daAuts
